 Dungeon Crawl Stone Soup version 0.26-a0-720-g2a1d101370 (webtiles) character file.

Game seed: 13344707175398430968

390 Triangle the Skirmisher (level 6, -1/44 HPs)
             Began as a Demonspawn Monk on Nov 2, 2020.
             Slain by an orc warrior
             ... wielding a +0 dire flail of protection
              (10 damage)
             ... on level 6 of the Dungeon.
             The game lasted 00:27:15 (5510 turns).

Triangle the Skirmisher (Demonspawn Monk)           Turns: 5510, Time: 00:27:15

Health: -1/44      AC:  8    Str: 18    XL:     6   Next: 50%
Magic:  6/6        EV: 15    Int: 11    God:
Gold:   289        SH:  0    Dex: 19    Spells: 5/5 levels left

rFire    . . .     SeeInvis .     - Unarmed
rCold    . . .     Faith    .   (no shield)
rNeg     . . .     Spirit   .   a - +0 robe
rPois    .         Reflect  .   (no helmet)
rElec    .         Harm     .   (no cloak)
rCorr    .         Rampage  .   (no gloves)
MR       .....                  r - +0 pair of boots
Stlth    ++++......             (no amulet)
HPRegen  0.14/turn              j - +6 ring of strength
MPRegen  0.10/turn              k - +4 ring of protection

@: no status effects
A: talons 1, thin skeletal structure 1, frail 1, sense surroundings 1, shaggy
fur 1, MP-powered wands
a: no special abilities


You were on level 6 of the Dungeon.
You visited 2 branches of the dungeon, and saw 7 of its levels.

You collected 289 gold pieces.

Inventory:

Hand Weapons
 d - a +0 dagger of venom
Missiles
 f - 46 arrows
Armour
 a - a +0 robe (worn)
 r - a +0 pair of boots (worn)
Magical Staves
 h - an uncursed staff of poison {unknown}
Jewellery
 j - a +6 ring of strength (left hand)
 k - a +4 ring of protection (right hand)
 q - a +4 ring of evasion {unknown}
 u - an uncursed amulet of magic regeneration {unknown}
Scrolls
 c - 4 scrolls of identify
 e - 2 scrolls of enchant weapon {unknown}
 i - 2 scrolls of teleportation
 l - a scroll of magic mapping {unknown}
 n - 2 scrolls of blinking {unknown}
 o - 2 scrolls of remove curse {unknown}
 p - a scroll of noise {unknown}
Potions
 b - a potion of resistance {unknown}
 g - a potion of heal wounds
 m - 2 potions of brilliance
 v - a potion of berserk rage {unknown}


   Skills:
 * Level 4.6 Fighting
 + Level 3.9 Dodging
 + Level 3.5 Stealth
 * Level 4.2 Unarmed Combat


You had 5 spell levels left.
You didn't know any spells.
Your spell library was empty.

Dungeon Overview and Level Annotations

Branches:
Dungeon (6/15)             Temple (1/1) D:5

Altars:
Ashenzari
Cheibriados
Dithmenos
Gozag
Hepliaklqana
Kikubaaqudgha
Makhleb
Nemelex Xobeh
Okawaru
Qazlal
Sif Muna
Trog
Uskayaw
Vehumet
Xom
Yredelemnul
Zin
The Shining One

Shops:
D:4 }*[

Annotations:
D:5 Grinder, Menkaure


Innate Abilities, Weirdness & Mutations

You have sharp toenails.
You have a somewhat thin skeletal structure. (Dex +2, Stealth)
You are frail. (-10% HP)
You passively map a small area around you.
You are covered in fur. (AC +1)
You expend magic power (3 MP) to strengthen your wands.


Message History

You can move again.
You see here a +0 leather armour.
Menkaure giggles, "These cerements are ticklish..."
Grinder blinks!
There is a stone staircase leading down here.
You climb downwards.
An orc and an orc warrior come into view.
The orc warrior is wielding a +0 dire flail of protection.
The orc shouts!
The orc warrior shouts!
There is a stone staircase leading up here.
As you read the scroll labeled HOLEYR MUTWAISH, it crumbles to dust.
It is a scroll of identify.
i - 3 scrolls of teleportation An orc comes into view.
It is wielding a -1 club.
As you read the scroll of teleportation, it crumbles to dust.
You feel strangely unstable.
The orc shouts!
Your surroundings seem slightly different.
The orc warrior hits you with a +0 dire flail of protection!
You die...

, * , ....# * *
....#### *. * ,
#...... .. *## #
...#..#.. .. , * *
#. ......# ,.# *
#..,#.#..###.#####
#oo.#.#...ยง.......
* *
*,#.o@.o<.########
*##..#..## * *
#.#.#..# ...[....#
#.. ..#### #######
*


You could see an orc warrior, an orc priest (wandering) and 2 orcs.

Vanquished Creatures
  An ogre (D:5)
  A scorpion (D:3)
  A howler monkey (D:4)
  A gnoll shaman (D:3)
  A worker ant (D:4)
  A howler monkey skeleton (D:4)
  3 gnolls (D:4)
  4 adders
  2 oozes
  An adder skeleton (D:4)
  4 dart slugs
  A leopard gecko (D:1)
  5 orcs
  4 giant cockroaches
  4 goblins
  9 hobgoblins
  10 kobolds
  A quokka (D:3)
  3 ball pythons
  2 ball python zombies (D:5)
  5 bats
  4 frilled lizards
  A quokka skeleton (D:4)
  6 rats
75 creatures vanquished.

Notes
Turn   | Place    | Note
-------+----------+-------------------------------------------
     0 | D:1      | Triangle the Demonspawn Monk began the quest for the Orb.
     0 | D:1      | Reached XP level 1. HP: 18/18 MP: 1/1
    92 | D:1      | Gained mutation: You have a somewhat thin skeletal
                  | structure. (Dex +2, Stealth) [demonic ancestry]
    92 | D:1      | Reached XP level 2. HP: 1/24 MP: 2/2
  1342 | D:2      | Reached XP level 3. HP: 24/29 MP: 3/3
  1720 | D:2      | Found a shadowy altar of Dithmenos.
  2486 | D:3      | Found an ancient bone altar of Kikubaaqudgha.
  2637 | D:3      | Reached XP level 4. HP: 34/35 MP: 4/4
  2832 | D:3      | Found a sparkling altar of Nemelex Xobeh.
  3345 | D:3      | Gained mutation: You expend magic power (3 MP) to
                  | strengthen your wands. [potion of mutation]
  3345 | D:3      | Gained mutation: You are frail. (-10% HP) [potion of
                  | mutation]
  3345 | D:3      | Gained mutation: You are covered in fur. (AC +1) [potion of
                  | mutation]
  3345 | D:3      | Gained mutation: You passively map a small area around you.
                  | [potion of mutation]
  3349 | D:3      | Gained mutation: You have sharp toenails. [demonic
                  | ancestry]
  3349 | D:3      | Reached XP level 5. HP: 37/37 MP: 5/5
  3427 | D:4      | Found Zotar's Gadget Emporium.
  3723 | D:4      | Found a glowing golden altar of the Shining One.
  3744 | D:4      | Found Qyepn's General Store.
  3949 | D:3      | Reached XP level 6. HP: 43/43 MP: 6/6
  4378 | D:4      | Found Qemuhato's Antique Armour Shoppe.
  4500 | D:5      | Entered Level 5 of the Dungeon
  4583 | D:5      | Found a staircase to the Ecumenical Temple.
  4604 | Temple   | Entered the Ecumenical Temple
  5384 | D:5      | Found an iron altar of Okawaru.
  5384 | D:5      | Found a radiant altar of Vehumet.
  5449 | D:5      | Noticed Grinder
  5461 | D:5      | Noticed Menkaure
  5487 | D:5      | Paralysed by Grinder for 6 turns
  5506 | D:6      | Noticed an orc warrior
  5510 | D:6      | Slain by an orc warrior

Illustrated notes

Levels and vault maps discovered:
D:1:      saegor_arrival_simple_b, layout_rooms
D:2:      layout_loops_ring, grunt_dithmenos_smoke_and_mirrors
D:3:      layout_loops_cross, old_standard_altar, nemelex_diamond_rough_becter
D:4:      layout_rooms, lemuel_crystal_altar, serial_shops, shop_statue, shop,
          nicolae_shop_waterfront
D:5:      layout_loops_corners, lemuel_crystal_altar,
          gammafunk_temple_overflow_elements, minmay_temple_entry_wispy,
          uniq_grinder, uniq_sigmund, uniq_menkaure
D:6:      layout_loops_ring, fedhas_altar_fruit_tree, elyvilon_altar_1,
          nemelex_xobeh_ov_fountains_minmay, minmay_misc_feat_tower
Temple:   minmay_temple_forest_path

Skill      XL: |  1  2  3  4  5  6 |
---------------+-------------------+-----
Stealth        | 2 3 |  3.5
Unarmed Combat | 3 4 |  4.2
Dodging        | 3 |  3.9
Fighting       | 4 |  4.6

Action                   |  1- 3 |  4- 6 || total
-------------------------+-------+-------++-------
Melee: Unarmed           |   186 |   179 ||   365
       Punch             |     1 |     7 ||     8
  Use: Potion            |       |     7 ||     7
       Scroll            |       |     2 ||     2
 Stab: Sleeping          |     9 |    11 ||    20
Armor: Robe              |    42 |    29 ||    71
       Skin              |       |     3 ||     3
Dodge: Dodged            |   118 |   103 ||   221

Table legend: (Time is in decaauts)
 A = Elapsed time spent in this place.
 B = Non-inter-level travel time spent in this place.
 C = Inter-level travel time spent in this place.
 D = Time resting spent in this place.
 E = Time spent auto-exploring this place.
 F = Levels seen in this place.
 G = Mean time per level.
                   A        B        C        D        E       F      G
               +--------+--------+--------+--------+--------+-----+--------+
         Total |   5492 |   5381 |    111 |   2063 |   2226 |   7 |  784.6 |
       Dungeon |   4898 |   4814 |     84 |   1866 |   1884 |   6 |  816.3 |
        Temple |    593 |    566 |     27 |    197 |    342 |   1 |  593.0 |
               +--------+--------+--------+--------+--------+-----+--------+

Top non-repeatable levels by time:
     D:3: 1333 daAuts
     D:1: 1323 daAuts
     D:2: 1026 daAuts
     D:4: 801 daAuts
  Temple: 593 daAuts
     D:5: 410 daAuts
     D:6: 3 daAuts
